 Dungeon Crawl Stone Soup version 0.25-a0-167-g836c352ace (webtiles) character file.

Game seed: 2057023730300465443, levelgen mode: deterministic

36 Esekla the Caller (level 3, 0/26 HPs)
             Began as a Human Summoner on Nov 26, 2019.
             Slain by a goblin
             ... wielding a +0 club
              (5 damage)
             ... on level 2 of the Dungeon.
             The game lasted 00:11:26 (2205 turns).

Esekla the Caller (Human Summoner)                  Turns: 2205, Time: 00:11:27

Health: 0/26       AC:  3    Str:  9    XL:     3   Next: 57%
Magic:  6/6        EV: 13    Int: 15    God:
Gold:   72         SH:  0    Dex: 13    Spells: 5/6 levels left

rFire    + . .     SeeInvis .   j - +0 dagger
rCold    . . .     Gourm    .   (no shield)
rNeg     . . .     Faith    .   a - +0 robe
rPois    .         Spirit   .   m - +0 helmet
rElec    .         Reflect  .   (no cloak)
rCorr    .         Harm     .   (no gloves)
MR       .....                  (no boots)
Stlth    ++........             (no amulet)
HPRegen  0.08/turn              b - ring of protection from fire
MPRegen  0.10/turn              (no ring)

@: no status effects
A: no striking features
a: no special abilities


You were on level 2 of the Dungeon.
You were not hungry.

You visited 1 branch of the dungeon, and saw 2 of its levels.

You collected 72 gold pieces.

Inventory:

Hand Weapons
 j - a +0 dagger (weapon)
Missiles
 d - 11 poisoned darts (quivered)
 e - 7 boomerangs
Armour
 a - a +0 robe (worn)
 m - a +0 helmet (worn)
Jewellery
 b - a ring of protection from fire (left hand)
Scrolls
 g - a scroll of fear {unknown}
 i - 2 scrolls of identify {unknown}
 l - a scroll of noise {unknown}
 n - a scroll of remove curse {unknown}
Potions
 f - a potion of haste
 h - a potion of curing {unknown}
 k - a potion of agility {unknown}
Comestibles
 c - 5 rations


   Skills:
 * Level 1.2 Fighting
 * Level 0.8 Short Blades
 * Level 3.0 Dodging
 + Level 2.0 Stealth
 + Level 2.0 Spellcasting
 - Level 4.0 Summonings


You had 5 spell levels left.
You knew the following spells:

 Your Spells              Type           Power        Failure   Level  Hunger
a - Summon Small Mammal   Summ           ##..         4%          1    #......

Your spell library contained the following spells:

 Spells                   Type           Power        Failure   Level  Hunger
 Call Imp                 Summ           ##......     6%          2    ###....
 Call Canine Familiar     Summ           ##......     13%         3    ###....
 Summon Guardian Golem    Hex/Summ       #.......     28%         3    ###....
 Summon Ice Beast         Ice/Summ       #.......     67%         4    #####..
 Summon Lightning Spire   Summ/Air       #.......     67%         4    #####..


Dungeon Overview and Level Annotations

Branches:
Dungeon (2/15)

Altars:


Message History

You hit the worm.
The worm is moderately wounded.
You hit the worm but do no damage.
The worm is moderately wounded.
The worm barely misses you.
You hit the worm but do no damage.
The worm is moderately wounded.
The worm bites you but does no damage.
You hit the worm.
The worm is moderately wounded.
You hit the worm.
The worm is heavily wounded.
The worm bites you!
* * * LOW HITPOINT WARNING * * *
You hit the worm.
The worm is severely wounded.
A goblin comes into view. It is wielding a +0 club.
The goblin shouts!
You hear a shout! x2
You hit the goblin but do no damage. The goblin hits you with a +0 club.
You die...

.......# #.###.# #.........
.)....# ...#.# #.#######.
......# #.##.# #.# #. .....#
#..#.###.# #. ....#
#..#.....# #. #######.####
#........# #. ...........#
#.#......# #.
...........######g#..........
#.
...........w....@.#..########
## ...........########.>.
...........# .####
...........# #. .............
#. ...........###
............. .#####.......


You could see a worm and a goblin.

Vanquished Creatures
  A worm (D:2)
  2 giant cockroaches (D:1)
  5 goblins (D:1)
  4 hobgoblins (D:1)
  A ball python (D:1)
  7 bats (D:1)
  A frilled lizard (D:1)
  6 kobolds (D:1)
  4 rats (D:1)
31 creatures vanquished.

Notes
Turn   | Place    | Note
-------+----------+-------------------------------------------
     0 | D:1      | Esekla the Human Summoner began the quest for the Orb.
     0 | D:1      | Reached XP level 1. HP: 13/13 MP: 3/3
   518 | D:1      | Reached XP level 2. HP: 9/20 MP: 5/5
  1097 | D:1      | HP: 1/20 [rat (2)]
  1107 | D:1      | Reached skill level 1 in Fighting
  1426 | D:1      | Reached XP level 3. HP: 14/26 MP: 6/6
  2205 | D:2      | Slain by a goblin

Levels and vault maps discovered:
D:1:      minmay_arrival_radiant_lines, layout_loops_ring, minmay_misc_feat_iff,
          grunt_decor_cap, minmay_split_cup_large
D:2:      layout_basic, first_ration

Skill      XL: |  1  2  3 |
---------------+----------+-----
Fighting       | 1 |  1.2
Dodging        | 3 |  3.0
Short Blades   | |  0.8
Stealth        | |  2.0
Spellcasting   | |  2.0
Summonings     | |  4.0

Action                   || total
-------------------------++-------
Melee: Hand axe          ||    23
       Dagger            ||   226
Throw: Boomerang         ||     1
       Dart              ||    11
  Use: Potion            ||     2
 Stab: Sleeping          ||     2
  Eat: Chunk             ||     4
Armor: Robe              ||    65
Dodge: Dodged            ||   177

Table legend:
 A = Non-vault XP
 B = Vault XP
 C = Vault XP percentage of total XP
 D = Non-vault monster count
 E = Vault monster count
 F = Vault count percentage of total count
                 A         B        C        D         E       F
            +---------+---------+-------+---------+---------+-------
      Total |      45 |       7 |  13.5 |      27 |       4 |  12.9
            +---------+---------+-------+---------+---------+-------
        D:1 |      40 |       7 |  14.9 |      26 |       4 |  13.3
        D:2 |       5 |       0 |   0.0 |       1 |       0 |   0.0
            +---------+---------+-------+---------+---------+-------
